TOP OF THE 1ST |
Portland Privateers batting - Pitching for Allentown Hillbillies : RHP Cory Powell
|
Pitching: RHP Cory Powell
|
|
Batting: RHB Dick Slagboom
|
0-0: Ball 1-0: Swinging Strike 1-1: Foul Ball, location: 2F 1-2: Ball 2-2: Ground out 6-3 (Groundball, 56)
|
Batting: LHB Yasuhiko Onodera
|
0-0: Ball 1-0: Ball 2-0: Swinging Strike 2-1: Ball 3-1: Foul Ball, location: 2F 3-2: Base on Balls
|
Batting: SHB Jacob Knapp
|
0-0: Ball 1-0: Ball 2-0: Foul Ball, location: 2F 2-1: Ball 3-1: Foul Ball, location: 2F 3-2: Foul Ball, location: 2F 3-2: Foul Ball, location: 2F 3-2: Foul Ball, location: 2F 3-2: Foul Ball, location: 2F 3-2: Foul Ball, location: 2F 3-2: SINGLE (Groundball, 6) (infield hit) Yasuhiko Onodera to second
|
Batting: RHB José Balina
|
0-0: Called Strike 0-1: Ball 1-1: Ball 2-1: Grounds into double play, 6-4-3 (Groundball, 6)
|
Top of the 1st over - 0 runs, 1 hit, 0 errors, 1 left on base; Portland 0 - Allentown 0 |
BOTTOM OF THE 1ST |
Allentown Hillbillies batting - Pitching for Portland Privateers : LHP Pedro Santana
|
Pitching: LHP Pedro Santana
|
|
Batting: RHB Jeff Townsley
|
0-0: Ball 1-0: Ground out 5-3 (Groundball, 56)
|
Batting: LHB António Salazar
|
0-0: Fly out, F8 (Flyball, 8LS)
|
Batting: RHB Albert Lutz
|
0-0: Foul Ball, location: 2F 0-1: Ball 1-1: Swinging Strike 1-2: Strikes out swinging
|
Bottom of the 1st over - 0 runs, 0 hits, 0 errors, 0 left on base; Portland 0 - Allentown 0 |
TOP OF THE 2ND |
Portland Privateers batting - Pitching for Allentown Hillbillies : RHP Cory Powell
|
Batting: SHB Cory Campbell
|
0-0: Ball 1-0: Ball 2-0: Called Strike 2-1: Ball 3-1: Swinging Strike 3-2: Strikes out swinging
|
Batting: SHB Patrick Larson
|
0-0: Swinging Strike 0-1: Ball 1-1: Fly out, F3 (Popup, 23F)
|
Batting: RHB John Mendelson
|
0-0: Ball 1-0: Ball 2-0: Swinging Strike 2-1: Ball 3-1: Ground out 6-3 (Groundball, 6)
|
Top of the 2nd over - 0 runs, 0 hits, 0 errors, 0 left on base; Portland 0 - Allentown 0 |
BOTTOM OF THE 2ND |
Allentown Hillbillies batting - Pitching for Portland Privateers : LHP Pedro Santana
|
Batting: RHB Germano Labrego
|
0-0: Ball 1-0: SINGLE (Groundball, 6MD)
|
Batting: RHB Germán Romero
|
0-0: 2-RUN HOME RUN (Flyball, 78XD), Distance : 394 ft
|
Batting: RHB Justin Harris
|
0-0: Called Strike 0-1: SINGLE (Line Drive, 4)
|
Batting: RHB Robert Bly
|
0-0: Called Strike 0-1: Ball 1-1: Foul Ball, location: 2F 1-2: Foul Ball, location: 2F 1-2: Grounds into double play, 6-4-3 (Groundball, 6M)
|
Batting: RHB Von Ford
|
0-0: Ball 1-0: SINGLE (Groundball, 34D)
|
Batting: RHB António Yánez
|
0-0: DOUBLE (Line Drive, 9LD) Von Ford to third Runner from 3rd tries for Home, SAFE, throw made at trailing runner, OUT at third!
|
Bottom of the 2nd over - 3 runs, 5 hits, 0 errors, 0 left on base; Portland 0 - Allentown 3 |
TOP OF THE 3RD |
Portland Privateers batting - Pitching for Allentown Hillbillies : RHP Cory Powell
|
Batting: LHB Francisco Vega
|
0-0: Ball 1-0: Foul Ball, location: 2F 1-1: Fly out, F2 (Popup, 2LF)
|
Batting: SHB Luis Manuel López
|
0-0: Bunt for hit - play at first, batter safe!
|
Pitching: RHP Coy Torres
|
|
Batting: RHB Dick Slagboom
|
0-0: Ball Luis Manuel López is caught stealing 2nd base 1-0: Called Strike 1-1: Called Strike 1-2: Ball 2-2: Foul Ball, location: 2F 2-2: Ball 3-2: SINGLE (Flyball, 9S) - OUT at second base trying to stretch hit.
|
Top of the 3rd over - 0 runs, 2 hits, 0 errors, 0 left on base; Portland 0 - Allentown 3 |
BOTTOM OF THE 3RD |
Allentown Hillbillies batting - Pitching for Portland Privateers : LHP Pedro Santana
|
Batting: RHB Jeff Townsley
|
0-0: Ball 1-0: Ball 2-0: Foul Ball, location: 2F 2-1: Ball 3-1: Base on Balls
|
Batting: LHB António Salazar
|
0-0: Swinging Strike 0-1: Called Strike 0-2: Ball Jeff Townsley steals 2nd base 1-2: Ball 2-2: Foul Ball, location: 2F 2-2: Foul Ball, location: 2F 2-2: Fly out, F7 (Flyball, 7)
|
Batting: RHB Albert Lutz
|
0-0: Called Strike 0-1: Ball 1-1: Foul Ball, location: 2F 1-2: Ball 2-2: Ball 3-2: Foul Ball, location: 2F 3-2: Base on Balls
|
Batting: RHB Germano Labrego
|
0-0: Swinging Strike 0-1: Called Strike 0-2: Foul Ball, location: 2F 0-2: Ball 1-2: Fly out, F7 (Line Drive, 7)
|
Batting: RHB Germán Romero
|
0-0: Called Strike 0-1: Ball 1-1: Swinging Strike 1-2: Ground out 5-3 (Groundball, 56S)
|
Bottom of the 3rd over - 0 runs, 0 hits, 0 errors, 2 left on base; Portland 0 - Allentown 3 |
TOP OF THE 4TH |
Portland Privateers batting - Pitching for Allentown Hillbillies : RHP Coy Torres
|
Batting: LHB Yasuhiko Onodera
|
0-0: SINGLE (Groundball, 6MD)
|
Batting: SHB Jacob Knapp
|
0-0: Ball 1-0: Ball 2-0: Called Strike 2-1: Ball 3-1: Base on Balls Yasuhiko Onodera to second
|
Batting: RHB José Balina
|
0-0: Ball 1-0: SINGLE (Line Drive, 4MD) Yasuhiko Onodera to third Jacob Knapp to second
|
Batting: SHB Cory Campbell
|
0-0: Ball 1-0: Foul Ball, location: 2F 1-1: Ball 2-1: Ball 3-1: Base on Balls Yasuhiko Onodera scores Jacob Knapp to third José Balina to second
|
Batting: SHB Patrick Larson
|
0-0: Ball 1-0: Ball 2-0: Called Strike 2-1: Ball 3-1: Base on Balls Jacob Knapp scores José Balina to third Cory Campbell to second
|
Batting: RHB John Mendelson
|
0-0: Ball 1-0: Ball 2-0: Called Strike 2-1: Foul Ball, location: 2F 2-2: Ball 3-2: Base on Balls José Balina scores Cory Campbell to third Patrick Larson to second
|
Batting: LHB Francisco Vega
|
0-0: Called Strike 0-1: Ball 1-1: Fielders Choice at 2nd, 6-4 (Groundball, 6) Cory Campbell scores Patrick Larson to third
|
Batting: SHB Luis Manuel López
|
0-0: Called Strike 0-1: Swinging Strike 0-2: Ball 1-2: Foul Ball, location: 2F 1-2: DOUBLE (Line Drive, 9LM) Patrick Larson scores Francisco Vega to third
|
Pitching: RHP Mike Pierce
|
|
Batting: RHB Dick Slagboom
|
0-0: Ball 1-0: Foul Ball, location: 2F 1-1: Foul Ball, location: 2F 1-2: Ball 2-2: Ball 3-2: Foul Ball, location: 2F 3-2: Base on Balls
|
Batting: LHB Yasuhiko Onodera
|
0-0: Swinging Strike 0-1: Fly out, F7 (Line Drive, 7) Runner from 3rd tags up, SCORES, throw made
|
Batting: SHB Jacob Knapp
|
0-0: Ground out 1-3 (Groundball, 15S)
|
Top of the 4th over - 6 runs, 3 hits, 0 errors, 2 left on base; Portland 6 - Allentown 3 |
BOTTOM OF THE 4TH |
Allentown Hillbillies batting - Pitching for Portland Privateers : LHP Pedro Santana
|
Batting: RHB Justin Harris
|
0-0: Called Strike 0-1: Ground out 5-3 (Groundball, 5S)
|
Batting: RHB Robert Bly
|
0-0: Ball 1-0: Ground out 6-3 (Groundball, 6)
|
Batting: RHB Von Ford
|
0-0: Foul Ball, location: 2F 0-1: Ball 1-1: Foul Ball, location: 2F 1-2: SINGLE (Groundball, 4D)
|
Batting: RHB António Yánez
|
0-0: Called Strike 0-1: Foul Ball, location: 2F Pickoff Throw to First - Out!
|
Bottom of the 4th over - 0 runs, 1 hit, 0 errors, 0 left on base; Portland 6 - Allentown 3 |
TOP OF THE 5TH |
Portland Privateers batting - Pitching for Allentown Hillbillies : RHP Mike Pierce
|
Batting: RHB José Balina
|
0-0: Ball 1-0: Foul Ball, location: 2F 1-1: Called Strike 1-2: Foul Ball, location: 2F 1-2: Foul Ball, location: 2F 1-2: Strikes out swinging
|
Batting: SHB Cory Campbell
|
0-0: Ball 1-0: Foul Ball, location: 2F 1-1: Swinging Strike 1-2: Foul Ball, location: 2F 1-2: Ball 2-2: Strikes out looking
|
Batting: SHB Patrick Larson
|
0-0: Foul Ball, location: 2F 0-1: Ground out U3 (Groundball, 3L)
|
Top of the 5th over - 0 runs, 0 hits, 0 errors, 0 left on base; Portland 6 - Allentown 3 |
BOTTOM OF THE 5TH |
Allentown Hillbillies batting - Pitching for Portland Privateers : LHP Pedro Santana
|
Batting: RHB António Yánez
|
0-0: Ball 1-0: Foul Ball, location: 2F 1-1: Ball 2-1: Called Strike 2-2: Foul Ball, location: 2F 2-2: Ball 3-2: Foul Ball, location: 2F 3-2: Base on Balls
|
Batting: RHB Jeff Townsley
|
0-0: Called Strike 0-1: Ball 1-1: Ball 2-1: Foul Ball, location: 2F 2-2: SINGLE (Groundball, 56D) António Yánez to second
|
Pitching: RHP Gabe Lewis
|
|
Batting: LHB António Salazar
|
0-0: Hit by Pitch António Yánez to third Jeff Townsley to second
|
Batting: RHB Albert Lutz
|
0-0: Called Strike 0-1: Swinging Strike 0-2: SINGLE (Groundball, 56S) (infield hit) António Yánez scores Jeff Townsley to third António Salazar to second
|
Batting: RHB Germano Labrego
|
0-0: Fly out, F9 (Flyball, 9) Runner from 3rd tags up, SCORES, throw made
|
Batting: RHB Germán Romero
|
0-0: Called Strike 0-1: Foul Ball, location: 2F 0-2: Foul Ball, location: 2F 0-2: Foul Ball, location: 2F 0-2: Ball 1-2: Ball 2-2: Strikes out swinging
|
Batting: RHB Justin Harris
|
0-0: Ball 1-0: Ball 2-0: SINGLE (Line Drive, 7LS) António Salazar to third Albert Lutz to second Runner from 3rd tries for Home, SAFE, throw made home
|
Batting: RHB Robert Bly
|
0-0: Foul Ball, location: 2F 0-1: Ball 1-1: Ground out U3 (Groundball, 34S)
|
Bottom of the 5th over - 3 runs, 3 hits, 0 errors, 2 left on base; Portland 6 - Allentown 6 |
TOP OF THE 6TH |
Portland Privateers batting - Pitching for Allentown Hillbillies : RHP Mike Pierce
|
Batting: RHB John Mendelson
|
0-0: Ball 1-0: Bunt - Flyout! F1
|
Batting: LHB Francisco Vega
|
0-0: Called Strike 0-1: Foul Ball, location: 2F 0-2: Foul Ball, location: 2F 0-2: Ball 1-2: SINGLE (Flyball, 9LS)
|
Batting: SHB Luis Manuel López
|
0-0: Called Strike Francisco Vega steals 2nd base 0-1: Ball 1-1: Foul Ball, location: 2F 1-2: Ball Wild Pitch! Francisco Vega to third 2-2: Ball 3-2: Strikes out swinging
|
Batting: RHB Dick Slagboom
|
0-0: Ball 1-0: Ball 2-0: Swinging Strike 2-1: Called Strike 2-2: Fly out, F7 (Flyball, 7D)
|
Top of the 6th over - 0 runs, 1 hit, 0 errors, 1 left on base; Portland 6 - Allentown 6 |
BOTTOM OF THE 6TH |
Allentown Hillbillies batting - Pitching for Portland Privateers : RHP Gabe Lewis
|
Batting: RHB Von Ford
|
0-0: Ball 1-0: Called Strike 1-1: Swinging Strike 1-2: Ball 2-2: Ball 3-2: Ground out 4-3 (Groundball, 4)
|
Batting: RHB António Yánez
|
0-0: Called Strike 0-1: Foul Ball, location: 2F 0-2: Ball 1-2: Foul Ball, location: 2F 1-2: Ball 2-2: Foul Ball, location: 2F 2-2: Ball 3-2: Strikes out swinging
|
Batting: RHB Jeff Townsley
|
0-0: Swinging Strike 0-1: Ball 1-1: Ball 2-1: Called Strike 2-2: Ball 3-2: Strikes out swinging, 2-3 out at first.
|
Bottom of the 6th over - 0 runs, 0 hits, 0 errors, 0 left on base; Portland 6 - Allentown 6 |
TOP OF THE 7TH |
Portland Privateers batting - Pitching for Allentown Hillbillies : RHP Mike Pierce
|
Batting: LHB Yasuhiko Onodera
|
0-0: Called Strike 0-1: Called Strike 0-2: Strikes out swinging
|
Batting: SHB Jacob Knapp
|
0-0: Ball 1-0: Ball 2-0: Swinging Strike 2-1: Foul Ball, location: 2F 2-2: Foul Ball, location: 2F 2-2: Strikes out looking
|
Batting: RHB José Balina
|
0-0: Ball 1-0: Called Strike 1-1: SINGLE (Line Drive, 4D)
|
Pitching: LHP Emílio Trevino
|
|
Pinch Hitting: RHB Joe Bailey
|
0-0: Called Strike 0-1: Ball 1-1: Swinging Strike 1-2: Ball 2-2: Foul Ball, location: 2F 2-2: Ball 3-2: Base on Balls José Balina to second
|
Batting: SHB Patrick Larson
|
0-0: Called Strike 0-1: Fielders Choice at 2nd, 5-4 (Groundball, 56)
|
Top of the 7th over - 0 runs, 1 hit, 0 errors, 2 left on base; Portland 6 - Allentown 6 |
BOTTOM OF THE 7TH |
Allentown Hillbillies batting - Pitching for Portland Privateers : RHP Gabe Lewis
|
Now at 1B: Joe Bailey
|
|
Batting: LHB António Salazar
|
0-0: Ball 1-0: DOUBLE (Line Drive, 7D)
|
Batting: RHB Albert Lutz
|
0-0: Ball 1-0: Ball 2-0: 2-RUN HOME RUN (Flyball, 7D), Distance : 374 ft
|
Pitching: RHP George Bennion
|
|
Batting: RHB Germano Labrego
|
0-0: Foul Ball, location: 2F 0-1: Foul Ball, location: 2F 0-2: SOLO HOME RUN (Flyball, 7LD), Distance : 355 ft
|
Batting: RHB Germán Romero
|
0-0: Foul Ball, location: 2F 0-1: Foul Ball, location: 2F 0-2: Ball 1-2: SINGLE (Groundball, 56D)
|
Batting: RHB Justin Harris
|
0-0: Bunted foul 0-1: Sac Bunt - play at first, batter OUT! 2-4 Germán Romero to second
|
Batting: RHB Robert Bly
|
0-0: Ball 1-0: Swinging Strike 1-1: Ball 2-1: Fly out, F9 (Flyball, 9S)
|
Batting: RHB Von Ford
|
0-0: Ball 1-0: Ball 2-0: Ball 3-0: Called Strike 3-1: Foul Ball, location: 2F 3-2: SINGLE (Line Drive, 4MD) Germán Romero to third Germán Romero scores
|
Pitching: RHP Dan Ford
|
|
Batting: RHB António Yánez
|
0-0: Called Strike 0-1: Ball 1-1: Ball 2-1: SINGLE (Groundball, 6MD) Von Ford to second Runner from 2nd tries for 3rd, SAFE, no throw
|
Batting: RHB Jeff Townsley
|
0-0: Ball 1-0: Ball 2-0: Ball 3-0: Called Strike 3-1: Foul Ball, location: 2F 3-2: Base on Balls António Yánez to second
|
Batting: LHB António Salazar
|
0-0: Ball 1-0: Ball 2-0: Swinging Strike 2-1: Foul Ball, location: 2F 2-2: Ball 3-2: Strikes out swinging
|
Bottom of the 7th over - 4 runs, 6 hits, 0 errors, 3 left on base; Portland 6 - Allentown 10 |
TOP OF THE 8TH |
Portland Privateers batting - Pitching for Allentown Hillbillies : LHP Emílio Trevino
|
Batting: RHB John Mendelson
|
0-0: Called Strike 0-1: Ball 1-1: Ball 2-1: Ball 3-1: Swinging Strike 3-2: Foul Ball, location: 2F 3-2: Base on Balls
|
Batting: LHB Francisco Vega
|
0-0: Ball 1-0: Fielders Choice at 2nd, 6-4 (Groundball, 6)
|
Batting: SHB Luis Manuel López
|
0-0: SINGLE (Groundball, 34D) Francisco Vega to second Runner from 2nd tries for 3rd, SAFE, no throw
|
Batting: RHB Dick Slagboom
|
0-0: Ball 1-0: Ball 2-0: Ball 3-0: Base on Balls Luis Manuel López to second
|
Batting: LHB Yasuhiko Onodera
|
0-0: Ball 1-0: Ball 2-0: Ball 3-0: Base on Balls Francisco Vega scores Luis Manuel López to third Dick Slagboom to second
|
Pitching: LHP Dan Rogers
|
|
Batting: SHB Jacob Knapp
|
0-0: Ball 1-0: Ball 2-0: Called Strike 2-1: Ball 3-1: Called Strike 3-2: Base on Balls Luis Manuel López scores Dick Slagboom to third Yasuhiko Onodera to second
|
Batting: RHB José Balina
|
0-0: Called Strike 0-1: SINGLE (Groundball, 56D) Dick Slagboom scores Yasuhiko Onodera to third Jacob Knapp to second
|
Batting: RHB Joe Bailey
|
0-0: Ball 1-0: Swinging Strike 1-1: Swinging Strike 1-2: SINGLE (Line Drive, 7S) Yasuhiko Onodera scores Jacob Knapp to third José Balina to second
|
Batting: SHB Patrick Larson
|
0-0: Grounds into double play, 5-2-3 (Groundball, 25)
|
Top of the 8th over - 4 runs, 3 hits, 0 errors, 2 left on base; Portland 10 - Allentown 10 |
BOTTOM OF THE 8TH |
Allentown Hillbillies batting - Pitching for Portland Privateers : RHP Dan Ford
|
Batting: RHB Albert Lutz
|
0-0: Ground out 6-3 (Groundball, 6)
|
Batting: RHB Germano Labrego
|
0-0: Ball 1-0: Called Strike 1-1: Ground out 6-3 (Groundball, 6)
|
Batting: RHB Germán Romero
|
0-0: Ground out 6-3 (Groundball, 6)
|
Bottom of the 8th over - 0 runs, 0 hits, 0 errors, 0 left on base; Portland 10 - Allentown 10 |
TOP OF THE 9TH |
Portland Privateers batting - Pitching for Allentown Hillbillies : LHP Dan Rogers
|
Batting: RHB John Mendelson
|
0-0: Ball 1-0: Ball 2-0: Fly out, F7 (Flyball, 7D)
|
Batting: LHB Francisco Vega
|
0-0: Ball 1-0: Foul Ball, location: 2F 1-1: Swinging Strike 1-2: Foul Ball, location: 2F 1-2: Fly out, F4 (Flyball, 4D)
|
Pinch Hitting: RHB Carlos Castro
|
0-0: Called Strike 0-1: Foul Ball, location: 2F 0-2: Ball 1-2: Ball 2-2: Strikes out swinging
|
Top of the 9th over - 0 runs, 0 hits, 0 errors, 0 left on base; Portland 10 - Allentown 10 |
BOTTOM OF THE 9TH |
Allentown Hillbillies batting - Pitching for Portland Privateers : RHP Dan Ford
|
Now at SS: Rodney Birling
|
|
Batting: RHB Justin Harris
|
0-0: Ground out 6-3 (Groundball, 6S)
|
Batting: RHB Robert Bly
|
0-0: Ball 1-0: Ground out 5-3 (Groundball, 56S)
|
Batting: RHB Von Ford
|
0-0: Ground out 4-3 (Groundball, 4MS)
|
Bottom of the 9th over - 0 runs, 0 hits, 0 errors, 0 left on base; Portland 10 - Allentown 10 |
TOP OF THE 10TH |
Portland Privateers batting - Pitching for Allentown Hillbillies : LHP Dan Rogers
|
Batting: RHB Dick Slagboom
|
0-0: SINGLE (Line Drive, 7LS)
|
Batting: LHB Yasuhiko Onodera
|
0-0: Sac Bunt - play at first, batter OUT! 3-4 Dick Slagboom to second
|
Batting: SHB Jacob Knapp
|
0-0: Ball 1-0: Ball 2-0: Ball 3-0: Base on Balls
|
Batting: RHB José Balina
|
0-0: Ball 1-0: Foul Ball, location: 2F 1-1: Swinging Strike 1-2: Strikes out swinging
|
Batting: RHB Joe Bailey
|
0-0: Called Strike 0-1: Fielders Choice at 2nd, 6-4 (Groundball, 6)
|
Top of the 10th over - 0 runs, 1 hit, 0 errors, 2 left on base; Portland 10 - Allentown 10 |
BOTTOM OF THE 10TH |
Allentown Hillbillies batting - Pitching for Portland Privateers : RHP Dan Ford
|
Batting: RHB António Yánez
|
0-0: Ground out 5-3 (Groundball, 56)
|
Batting: RHB Jeff Townsley
|
0-0: SINGLE (Line Drive, 78S)
|
Batting: LHB António Salazar
|
0-0: Ball 1-0: Ball 2-0: Ball 3-0: Called Strike 3-1: Swinging Strike 3-2: Foul Ball, location: 2F 3-2: Foul Ball, location: 2F 3-2: Fielders Choice at 2nd, 4-6 (Groundball, 4)
|
Pitching: RHP Ricardo Ontiveros
|
|
Batting: RHB Albert Lutz
|
0-0: Called Strike 0-1: Swinging Strike 0-2: Strikes out swinging
|
Bottom of the 10th over - 0 runs, 1 hit, 0 errors, 1 left on base; Portland 10 - Allentown 10 |
TOP OF THE 11TH |
Portland Privateers batting - Pitching for Allentown Hillbillies : LHP Dan Rogers
|
Batting: SHB Patrick Larson
|
0-0: Ball 1-0: Called Strike 1-1: Foul Ball, location: 2F 1-2: Strikes out looking and he ARGUES THE CALL AND IS TOSSED!
|
Batting: RHB John Mendelson
|
0-0: SINGLE (Groundball, 4MD)
|
Batting: LHB Francisco Vega
|
0-0: Ball 1-0: Ball 2-0: Ball 3-0: Base on Balls John Mendelson to second
|
Batting: SHB Rodney Birling
|
0-0: Called Strike 0-1: Ball 1-1: Swinging Strike 1-2: Foul Ball, location: 2F 1-2: Ball 2-2: Strikes out looking
|
Batting: RHB Dick Slagboom
|
0-0: Ball 1-0: Ball 2-0: Foul Ball, location: 2F 2-1: Foul Ball, location: 2F 2-2: Foul Ball, location: 2F 2-2: Ball 3-2: Ground out 4-3 (Groundball, 4)
|
Top of the 11th over - 0 runs, 1 hit, 0 errors, 2 left on base; Portland 10 - Allentown 10 |
BOTTOM OF THE 11TH |
Allentown Hillbillies batting - Pitching for Portland Privateers : RHP Ricardo Ontiveros
|
Now at 3B: Héctor Jiménez
|
|
Batting: RHB Germano Labrego
|
0-0: Called Strike 0-1: Foul Ball, location: 2F 0-2: Ball 1-2: Ball 2-2: Ball 3-2: Foul Ball, location: 2F 3-2: Strikes out looking
|
Batting: RHB Germán Romero
|
0-0: Called Strike 0-1: Swinging Strike 0-2: Foul Ball, location: 2F 0-2: Ball 1-2: Ball 2-2: SINGLE (Groundball, 6D)
|
Pinch Runner at 1st Júlio Lorenzo:
|
|
Batting: RHB Justin Harris
|
0-0: Fly out, F7 (Flyball, 7D)
|
Batting: RHB Robert Bly
|
0-0: Ball 1-0: SINGLE (Groundball, 56D) Júlio Lorenzo to second
|
Batting: RHB Von Ford
|
0-0: Called Strike 0-1: Swinging Strike 0-2: Ball 1-2: Strikes out swinging
|
Bottom of the 11th over - 0 runs, 2 hits, 0 errors, 2 left on base; Portland 10 - Allentown 10 |
TOP OF THE 12TH |
Portland Privateers batting - Pitching for Allentown Hillbillies : LHP Dan Rogers
|
Now at C: Joel Jackson
|
|
Batting: LHB Yasuhiko Onodera
|
0-0: Ball 1-0: Ball 2-0: Foul Ball, location: 2F 2-1: Foul Ball, location: 2F 2-2: Foul Ball, location: 2F 2-2: Ball 3-2: Foul Ball, location: 2F 3-2: Base on Balls
|
Batting: SHB Jacob Knapp
|
0-0: Ball 1-0: Called Strike 1-1: Ball 2-1: Ball 3-1: Base on Balls Yasuhiko Onodera to second
|
Pitching: LHP Robert Trent
|
|
Batting: RHB José Balina
|
0-0: Swinging Strike 0-1: Ball 1-1: Fielders Choice at 2nd, 3-6 (Groundball, 34) Yasuhiko Onodera to third
|
Batting: RHB Joe Bailey
|
0-0: Ball 1-0: Called Strike 1-1: Called Strike 1-2: SINGLE (Groundball, 4S) (infield hit) Yasuhiko Onodera scores José Balina to second
|
Batting: SHB Héctor Jiménez
|
0-0: Called Strike 0-1: Called Strike 0-2: Foul Ball, location: 2F 0-2: Ball 1-2: Ball 2-2: Foul Ball, location: 2F 2-2: Ball Passed Ball! José Balina to third Joe Bailey to second 3-2: Foul Ball, location: 2F 3-2: Strikes out looking
|
Batting: RHB John Mendelson
|
0-0: Ball 1-0: Swinging Strike 1-1: Called Strike 1-2: Fly out, F9 (Flyball, 89D)
|
Top of the 12th over - 1 run, 1 hit, 0 errors, 2 left on base; Portland 11 - Allentown 10 |
BOTTOM OF THE 12TH |
Allentown Hillbillies batting - Pitching for Portland Privateers : RHP Ricardo Ontiveros
|
Batting: RHB António Yánez
|
0-0: Foul Ball, location: 2F 0-1: Ball 1-1: Ball 2-1: Ball 3-1: Swinging Strike 3-2: Strikes out looking
|
Batting: RHB Jeff Townsley
|
0-0: Ball 1-0: Ball 2-0: Ball 3-0: Called Strike 3-1: Foul Ball, location: 2F 3-2: Strikes out swinging
|
Batting: LHB António Salazar
|
0-0: SINGLE (Groundball, 4D)
|
Batting: RHB Albert Lutz
|
0-0: Foul Ball, location: 2F 0-1: Ball 1-1: Ground out 1-3 (Groundball, 13)
|
Bottom of the 12th over - 0 runs, 1 hit, 0 errors, 1 left on base; Portland 11 - Allentown 10 |
|